[Event "Titled Tuesday Blitz May 18 2021"]
[White "Madaminov, Mukhiddin"]
[Black "Kraemer, Martin"]
[WhiteFideId "14210703"]
[BlackFideId "4671910"]
[WhiteElo "1747"]
[BlackElo "2482"]
[Result "1-0"]
[Round "11"]
[TimeControl "180+1"]
[Date "2021.05.18"]
[WhiteClock "0:00:03"]
[BlackClock "0:00:01"]

1. e4 e5 2. Nf3 Nc6 3. Bb5 Nf6 4. O-O Nxe4 5. Re1 Nd6 6. Nxe5 Be7 7. Bf1 Nf5 8. c3 Nxe5 9. Rxe5 d6 10. Re1 O-O 11. d4 d5 12. Nd2 Nd6 13. Bd3 Bf5 14. Nf1 c6 15. Bf4 Bg6 16. Qf3 Re8 17. Bxd6 Bxd6 18. Ng3 Qg5 19. Nf5 Bxf5 20. Qxf5 Qxf5 21. Bxf5 g6 22. Bd3 a5 23. a4 Kg7 24. g3 h5 25. Kg2 Kf6 26. f4 c5 27. dxc5 Bxc5 28. Bb5 Rxe1 29. Rxe1 d4 30. Re5 Rc8 31. Rd5 dxc3 32. bxc3 b6 33. Rd7 Be7 34. c4 Bc5 35. Kf3 Kg7 36. h3 Re8 37. Rd3 Re1 38. g4 Rf1+ 39. Ke4 h4 40. Bc6 Re1+ 41. Kf3 f5 42. gxf5 gxf5 43. Bd7 Kf6 44. Rd5 Re3+ 45. Kg2 Re2+ 46. Kh1 Re1+ 47. Kg2 Re2+ 48. Kh1 Bf2 49. Bxf5 Bg3 50. Bg4 Rh2+ 51. Kg1 Rc2 52. Rb5 Ke7 53. f5 Rxc4 54. Kg2 Rxa4 55. Rxb6 Ra2+ 56. Kf3 Ra4 57. f6+ Kf8 58. Bh5 Rb4 59. Re6 Rb8 60. Kg4 a4 61. f7 Kg7 62. Re8 Rb4+ 63. Kg5 Bd6 64. Rg8+ Kh7 65. Bg6# 1-0


[Site "https://www.chess.com"]

[Event "Titled Tuesday Blitz May 18 2021"]
[White "Martirosyan, Haik M."]
[Black "Erigaisi Arjun"]
[WhiteFideId "13306553"]
[BlackFideId "35009192"]
[WhiteElo "2656"]
[BlackElo "2609"]
[Result "1/2-1/2"]
[Round "11"]
[TimeControl "180+1"]
[Date "2021.05.18"]
[WhiteClock "0:01:06"]
[BlackClock "0:00:19"]

1. c4 e6 2. g3 d5 3. Bg2 Nf6 4. Nf3 dxc4 5. Qa4+ Nbd7 6. Qxc4 a6 7. Qc2 c5 8. O-O b5 9. a4 Bb7 10. Na3 Qb6 11. d3 Bd6 12. e4 O-O 13. Be3 Ng4 14. Bd2 Rfc8 15. Qb3 c4 16. dxc4 Nc5 17. Qc2 Bxe4 18. Qd1 bxa4 19. Ng5 Bxg2 20. Kxg2 Nf6 21. Bc3 h6 22. Bxf6 gxf6 23. Nf3 Nb3 24. Rb1 Bxa3 25. bxa3 Rxc4 26. Qe2 Qc6 27. Kg1 Rc2 28. Qd1 Rc8 29. Nd4 Nxd4 30. Qxd4 Kg7 31. Qg4+ Kh7 32. Qh4 f5 33. Qf6 Qc7 34. Rb4 Rc1 35. Rh4 Rxf1+ 36. Kxf1 Qc1+ 37. Kg2 Rc7 38. g4 Qc6+ 39. Kg1 Qc1+ 40. Kg2 Qc6+ 41. Kg1 Qc1+ 42. Kg2 1/2-1/2


[Site "https://www.chess.com"]

[Event "Titled Tuesday Blitz May 18 2021"]
[White "Pantsulaia, Levan"]
[Black "Artemiev, Vladislav"]
[WhiteFideId "13602071"]
[BlackFideId "24101605"]
[WhiteElo "2530"]
[BlackElo "2783"]
[Result "1/2-1/2"]
[Round "11"]
[TimeControl "180+1"]
[Date "2021.05.18"]
[WhiteClock "0:03:01"]
[BlackClock "0:02:35"]

1. Nf3 Nf6 2. g3 g6 3. b3 Bg7 4. Bb2 b6 5. Bg2 Bb7 6. O-O O-O 7. c4 c5 8. Nc3 Ne4 9. Qc2 Nxc3 10. Bxc3 Bxc3 11. Qxc3 d6 12. d4 cxd4 13. Nxd4 Bxg2 14. Kxg2 1/2-1/2


[Site "https://www.chess.com"]

[Event "Titled Tuesday Blitz May 18 2021"]
[White "Postny, Evgeny"]
[Black "Lazavik, Denis"]
[WhiteFideId "2804344"]
[BlackFideId "13515110"]
[WhiteElo "2537"]
[BlackElo "2436"]
[Result "1/2-1/2"]
[Round "11"]
[TimeControl "180+1"]
[Date "2021.05.18"]
[WhiteClock "0:00:07"]
[BlackClock "0:00:35"]

1. Nf3 Nf6 2. c4 e6 3. g3 d5 4. Bg2 Be7 5. O-O O-O 6. d4 dxc4 7. Qc2 a6 8. a4 Bd7 9. Qxc4 Bc6 10. Bg5 Nbd7 11. Rd1 h6 12. Bxf6 Nxf6 13. Ne5 Bxg2 14. Kxg2 a5 15. Nc3 c6 16. e4 Nd7 17. Nxd7 Qxd7 18. Qe2 Bf6 19. e5 Be7 20. Rd3 Rad8 21. Rad1 Qc7 22. Ne4 Rd7 23. h4 Rfd8 24. b3 Qb6 25. Qe3 Qa6 26. Kh3 c5 27. Kg2 c4 28. bxc4 Qxc4 29. Nc3 Bb4 30. Nb5 Bf8 31. Nc3 b5 32. axb5 a4 33. d5 exd5 34. Rd4 Qc5 35. Nxa4 Qxb5 36. e6 fxe6 37. Qxe6+ Rf7 38. Nc3 Qd7 39. Qxd7 Rfxd7 40. Rxd5 Rxd5 41. Rxd5 Rxd5 42. Nxd5 Kf7 43. h5 Ke6 44. Ne3 Bc5 45. Kf3 Kf6 46. Kg4 Ke6 47. Nd1 Kf6 48. Kf4 Bd6+ 49. Kg4 Bc5 50. Ne3 Ke6 51. Kf3 Kf6 52. Nd5+ Kg5 53. g4 Bd6 54. Nc3 Be5 55. Ne4+ Kh4 56. Nc5 Kg5 57. Nd3 Bd6 58. Nc1 g6 59. Ne2 gxh5 60. gxh5 Kxh5 61. Kg2 Kg4 62. f3+ Kg5 63. Nc3 Be5 64. Ne4+ Kf5 65. Nf2 h5 66. Ne4 h4 67. Nf2 Bg3 68. Nh3 1/2-1/2


[Site "https://www.chess.com"]

[Event "Titled Tuesday Blitz May 18 2021"]
[White "Praggnanandhaa R"]
[Black "Naroditsky, Daniel"]
[WhiteFideId "25059530"]
[BlackFideId "2026961"]
[WhiteElo "2555"]
[BlackElo "2608"]
[Result "1-0"]
[Round "11"]
[TimeControl "180+1"]
[Date "2021.05.18"]
[WhiteClock "0:00:06"]
[BlackClock "0:00:04"]

1. d4 Nf6 2. Nf3 g6 3. g3 Bg7 4. Bg2 O-O 5. O-O d6 6. b3 c5 7. Bb2 cxd4 8. Nxd4 d5 9. c4 dxc4 10. bxc4 Nc6 11. Nxc6 bxc6 12. Qxd8 Rxd8 13. Bxc6 Rb8 14. Be5 Rb6 15. Bf3 Bh3 16. Rc1 Re6 17. Bc3 Bh6 18. Re1 Ne4 19. Bxe4 Rxe4 20. Na3 e6 21. Bb4 Bg7 22. Rab1 h5 23. e3 Rb8 24. f3 Re5 25. Kf2 Rf5 26. f4 a5 27. Bd6 Rd8 28. c5 Rd5 29. Red1 Bf5 30. Rxd5 Bxb1 31. Rd2 Bc3 32. Nxb1 Bxd2 33. Nxd2 f6 34. Nc4 Kf7 35. c6 Ke8 36. c7 1-0


[Site "https://www.chess.com"]

[Event "Titled Tuesday Blitz May 18 2021"]
[White "Salem, A.R. Saleh"]
[Black "Davtyan, Artur"]
[WhiteFideId "9301348"]
[BlackFideId "13308327"]
[WhiteElo "2659"]
[BlackElo "2311"]
[Result "1-0"]
[Round "11"]
[TimeControl "180+1"]
[Date "2021.05.18"]
[WhiteClock "0:00:07"]
[BlackClock "0:00:07"]

1. d4 Nf6 2. c4 e6 3. Nf3 d5 4. Nc3 Bb4 5. Bg5 h6 6. Bxf6 Qxf6 7. e3 O-O 8. Rc1 dxc4 9. Bxc4 c5 10. dxc5 Rd8 11. Qc2 Nd7 12. c6 bxc6 13. O-O Rb8 14. Ne4 Qe7 15. Nd4 Bb7 16. Be2 c5 17. Nb3 Bd5 18. Bc4 Bxc4 19. Qxc4 Ne5 20. Qe2 c4 21. Nd4 Qb7 22. Ng3 Bc5 23. b3 Bxd4 24. exd4 Nd3 25. Rxc4 Nf4 26. Qf3 Qxf3 27. gxf3 h5 28. Re1 Rb5 29. Kf1 h4 30. Ne2 Nd3 31. Rb1 Rf5 32. Kg2 Rdd5 33. Rc3 h3+ 34. Kxh3 Rxf3+ 35. Kg2 Rxf2+ 36. Kh1 Rh5 37. Rxd3 Rhxh2+ 38. Kg1 Rfg2+ 39. Kf1 Rxe2 40. a4 Ref2+ 41. Kg1 Rfg2+ 42. Kf1 Rc2 43. Kg1 g5 44. d5 exd5 45. Rxd5 f6 46. Rbd1 Kf7 47. Rd7+ Kg6 48. Rxa7 g4 49. Ra8 Kg5 50. Rg8+ Kf4 51. Rd4+ Kf3 52. Rgxg4 f5 53. Rdf4+ Ke3 54. Rxf5 Rhd2 55. Rf1 Rb2 56. a5 Ra2 57. b4 Rdb2 58. Rg3+ Ke4 59. Rg6 Ke3 60. Rg3+ Ke4 61. Rgf3 Kd4 62. R3f2 Rxf2 63. Rxf2 Ra1+ 64. Kg2 Ra4 65. Rf4+ Kd5 66. Kf3 Kc6 67. Rf6+ Kb5 68. Rb6+ Kc4 69. a6 Kd5 70. b5 Kc5 71. Rb7 Kd6 72. a7 1-0


[Site "https://www.chess.com"]

[Event "Titled Tuesday Blitz May 18 2021"]
[White "Sanal, Vahap"]
[Black "Deac, Bogdan-Daniel"]
[WhiteFideId "6300545"]
[BlackFideId "1226380"]
[WhiteElo "2507"]
[BlackElo "2605"]
[Result "1-0"]
[Round "11"]
[TimeControl "180+1"]
[Date "2021.05.18"]
[WhiteClock "0:00:06"]
[BlackClock "0:00:01"]

1. e4 e5 2. Nf3 Nf6 3. Nc3 Nc6 4. d4 exd4 5. Nxd4 Bb4 6. Nxc6 bxc6 7. Bd3 O-O 8. O-O d5 9. exd5 Bg4 10. f3 Bh5 11. dxc6 Qd4+ 12. Kh1 Bxc3 13. bxc3 Qxc3 14. Bf4 Qxc6 15. Qe2 Nd5 16. Bg3 Bg6 17. Bb5 Qc3 18. Be5 Qc5 19. Rad1 c6 20. c4 cxb5 21. cxd5 Rfe8 22. Qb2 f6 23. Bd4 Qxd5 24. Bxf6 Qf7 25. Be5 a6 26. f4 Bf5 27. Rd6 Rac8 28. Qd4 Re6 29. h3 Rxd6 30. Qxd6 Qxa2 31. Ra1 Qf7 32. Rxa6 h6 33. Rb6 Be4 34. Qd4 Qd5 35. Qxd5+ Bxd5 36. Rg6 Rc2 37. Rxg7+ Kf8 38. Rg6 b4 39. f5 b3 40. Rxh6 b2 41. Bxb2 Rxb2 42. Rg6 Be4 43. Rg4 Re2 44. Kg1 Kf7 45. Kf1 Bd3 46. Rd4 Ba6 47. Kg1 Bb5 48. Rd6 Bc4 49. g4 Rc2 50. g5 Re2 51. g6+ Kg7 52. Rd7+ Kf6 53. Rc7 Re4 54. Rc5 Bg8 55. Kg2 Re5 56. Rc8 1-0


[Site "https://www.chess.com"]

[Event "Titled Tuesday Blitz May 18 2021"]
[White "Sarana, Alexey"]
[Black "Visakh N R"]
[WhiteFideId "24133795"]
[BlackFideId "25012223"]
[WhiteElo "2629"]
[BlackElo "2428"]
[Result "1-0"]
[Round "11"]
[TimeControl "180+1"]
[Date "2021.05.18"]
[WhiteClock "0:01:14"]
[BlackClock "0:00:20"]

1. e4 c5 2. Nf3 Nc6 3. d4 cxd4 4. Nxd4 Nf6 5. Nc3 e5 6. Ndb5 d6 7. Bg5 a6 8. Na3 b5 9. Bxf6 gxf6 10. Nd5 f5 11. Bd3 Be6 12. c3 Bg7 13. Qh5 Rb8 14. Nc2 O-O 15. Nce3 fxe4 16. Bxe4 f5 17. Nxf5 Rxf5 18. Bxf5 Bxd5 19. Bxh7+ Kf8 20. Rd1 Bf7 21. Bg6 Rb7 22. O-O Qf6 23. Bxf7 Rxf7 24. Qg4 Ne7 25. Qd7 Nf5 26. Qc8+ Ke7 27. Qxa6 Bh6 28. Qxb5 Nh4 29. Qb7+ Kf8 30. Qb8+ Kg7 31. Qxd6 Qg5 32. Qd5 Ng6 33. g3 Nf4 34. Qe4 Nh3+ 35. Kg2 Qh5 36. Rd5 Ng5 37. Qxe5+ Kh7 38. f4 Qh3+ 39. Kg1 Qg4 40. fxg5 Rxf1+ 41. Kxf1 1-0


[Site "https://www.chess.com"]

[Event "Titled Tuesday Blitz May 18 2021"]
[White "Sasikiran, Krishnan"]
[Black "Kovalev, Vladislav"]
[WhiteFideId "5004985"]
[BlackFideId "13504398"]
[WhiteElo "2552"]
[BlackElo "2573"]
[Result "0-1"]
[Round "11"]
[TimeControl "180+1"]
[Date "2021.05.18"]
[WhiteClock "0:01:47"]
[BlackClock "0:01:33"]

1. e4 e5 2. Nf3 Nc6 3. Bb5 a6 4. Ba4 Nf6 5. O-O Be7 6. Re1 b5 7. Bb3 d6 8. c3 O-O 9. h3 Nb8 10. d4 Nbd7 11. Nbd2 c5 12. a4 Bb7 13. d5 c4 14. Bc2 Qc7 15. Nf1 Rfb8 16. Ng3 Bc8 17. Nf5 Nc5 18. Nxe7+ Qxe7 19. Be3 Nfxe4 20. Qb1 f5 21. axb5 axb5 22. Rxa8 Rxa8 23. Bxc5 Nxc5 24. Bxf5 Bxf5 25. Qxf5 Qf7 26. Qg4 Nd3 27. Rf1 Qxd5 28. Ng5 Nf4 29. g3 Qg2# 0-1


[Site "https://www.chess.com"]

[Event "Titled Tuesday Blitz May 18 2021"]
[White "Seo, Jung Min"]
[Black "Erdogdu, Mert"]
[WhiteFideId "1734687"]
[BlackFideId "6301495"]
[WhiteElo "2486"]
[BlackElo "2485"]
[Result "0-1"]
[Round "11"]
[TimeControl "180+1"]
[Date "2021.05.18"]
[WhiteClock "0:01:41"]
[BlackClock "0:01:45"]

1. Nf3 d5 2. d4 e6 3. c4 c5 4. Nc3 Nc6 5. cxd5 exd5 6. g3 Nf6 7. Bg2 Be7 8. O-O O-O 9. Bg5 cxd4 10. Nxd4 h6 11. Bf4 Qb6 12. Nb3 d4 13. Nd5 Nxd5 14. Bxd5 Rd8 15. Bg2 a5 16. Bc1 a4 17. Nd2 Bg4 18. Bf3 Bh3 19. Bg2 Bxg2 20. Kxg2 Qb5 21. Nf3 d3 22. exd3 Rxd3 23. Qe2 Qd5 24. Kg1 Bf6 25. Ne1 Rd1 26. Nc2 Rxf1+ 27. Qxf1 a3 28. Ne3 Qe4 29. f3 axb2 0-1


[Site "https://www.chess.com"]

[Event "Titled Tuesday Blitz May 18 2021"]
[White "Shimanov, Aleksandr"]
[Black "Triapishko, Alexandr"]
[WhiteFideId "4198603"]
[BlackFideId "14122286"]
[WhiteElo "2596"]
[BlackElo "2490"]
[Result "1-0"]
[Round "11"]
[TimeControl "180+1"]
[Date "2021.05.18"]
[WhiteClock "0:00:36"]
[BlackClock "0:00:03"]

1. d4 Nf6 2. Bg5 d5 3. Nd2 c5 4. dxc5 Nbd7 5. b4 a5 6. a3 g6 7. Ngf3 Bg7 8. Rb1 O-O 9. e3 axb4 10. axb4 h6 11. Bh4 g5 12. Bg3 Nh5 13. Be2 Nxg3 14. hxg3 Nf6 15. O-O Ra2 16. Bd3 g4 17. Nd4 e5 18. Nb5 h5 19. e4 h4 20. gxh4 Nxe4 21. Nxe4 dxe4 22. Bxe4 Qxh4 23. g3 Qh5 24. Kg2 Be6 25. Rh1 Qg5 26. Bh7+ Kh8 27. Bf5+ Kg8 28. Bh7+ Kh8 29. Nc3 Ra3 30. Ne4 Qe7 31. Bf5+ Kg8 32. Qxg4 Bxf5 33. Qxf5 Rd8 34. Rh7 Rd4 35. Rbh1 Qe6 36. Qxe6 fxe6 37. Ng5 Rxb4 38. Nxe6 Bf6 39. Rd7 e4 40. Rh6 Rf3 41. Rg6+ Kh8 42. Rd5 1-0


[Site "https://www.chess.com"]

[Event "Titled Tuesday Blitz May 18 2021"]
[White "Sjugirov, Sanan"]
[Black "Timofeev, Artyom"]
[WhiteFideId "4189302"]
[BlackFideId "4140419"]
[WhiteElo "2472"]
[BlackElo "2582"]
[Result "1-0"]
[Round "11"]
[TimeControl "180+1"]
[Date "2021.05.18"]
[WhiteClock "0:02:12"]
[BlackClock "0:02:38"]

1. e4 d5 2. exd5 Nf6 3. Nf3 Nxd5 4. d4 g6 5. c4 Nf6 6. Nc3 Bg7 7. Be2 O-O 8. O-O b6 9. Ne5 Bb7 10. Bf3 Qc8 11. Re1 c6 12. Bf4 Nbd7 13. Qe2 e6 14. Rad1 Re8 15. h4 c5 16. Bxb7 Qxb7 17. Nb5 Bf8 18. Nxd7 Nxd7 19. Nc7 e5 20. Nxe8 exf4 21. Qg4 1-0


[Site "https://www.chess.com"]

[Event "Titled Tuesday Blitz May 18 2021"]
[White "Tari, Aryan"]
[Black "dropstoneDP"]
[WhiteFideId "1510045"]
[WhiteElo "2656"]
[BlackElo "2924"]
[Result "1-0"]
[Round "11"]
[TimeControl "180+1"]
[Date "2021.05.18"]
[WhiteClock "0:00:52"]
[BlackClock "0:00:02"]

1. e4 c5 2. Nc3 Nc6 3. f4 g6 4. Nf3 Bg7 5. Bb5 Nd4 6. O-O e6 7. e5 a6 8. Bd3 d5 9. Nxd4 cxd4 10. Ne2 Ne7 11. Nxd4 Qb6 12. c3 Nc6 13. Qe2 Nxd4 14. Qf2 Nf3+ 15. gxf3 Qxf2+ 16. Kxf2 Bd7 17. Bc2 d4 18. Be4 O-O-O 19. d3 f5 20. exf6 Bxf6 21. Bd2 Rhf8 22. Ke2 dxc3 23. bxc3 Kc7 24. a4 Be7 25. a5 Bd6 26. Be3 Rb8 27. Rfb1 Bc6 28. Rb6 Bxe4 29. fxe4 Bxf4 30. Rxe6 Kd7 31. Rb6 Bc7 32. Rb3 Rf7 33. d4 Bxh2 34. e5 Bg3 35. Rb6 Ke8 36. Rab1 Bh4 37. Rxa6 Bd8 38. Ra7 Rc8 39. Rbxb7 Rxb7 40. Rxb7 Bxa5 41. Rxh7 Rxc3 42. Rg7 Rb3 43. Rxg6 Bb6 44. Rd6 Ke7 45. Kf3 Kf7 46. Ke4 Ke8 47. Bg5 Rb4 48. Be3 Bc5 49. Rc6 Bb6 50. Rh6 Kf7 51. Rh7+ Ke6 52. Rb7 Bc5 53. Rxb4 Bxb4 54. d5+ Kd7 55. Kf5 Ke7 56. Bg5+ Kd7 57. Bf4 Ke7 58. e6 Bc5 59. d6+ Ke8 60. d7+ 1-0


[Site "https://www.chess.com"]

[Event "Titled Tuesday Blitz May 18 2021"]
[White "Van Foreest, Jorden"]
[Black "Timmermans, Mark"]
[WhiteFideId "1039784"]
[BlackFideId "1026399"]
[WhiteElo "2622"]
[BlackElo "2460"]
[Result "1-0"]
[Round "11"]
[TimeControl "180+1"]
[Date "2021.05.18"]
[WhiteClock "0:00:06"]
[BlackClock "0:00:08"]

1. a3 c6 2. Nc3 d5 3. f4 g6 4. Nf3 Bg7 5. e3 Nd7 6. d4 Ngf6 7. Bd3 O-O 8. O-O Re8 9. Ne5 c5 10. Kh1 Qb6 11. Bb5 cxd4 12. exd4 Qd6 13. f5 a6 14. Bxd7 Bxd7 15. Bf4 Bxf5 16. Nxg6 Qb6 17. Nh4 Bg6 18. Be5 Qxb2 19. Qf3 Rac8 20. Nxd5 Be4 21. Nxf6+ exf6 22. Qxe4 fxe5 23. Nf5 Bf8 24. d5 Rxc2 25. Rab1 Rf2 26. h3 Qe2 27. Qxe2 Rxe2 28. Rxb7 Rd2 29. Ne3 Bh6 30. Ng4 Bf4 31. Nf6+ Kf8 32. g3 Rc8 33. gxf4 Rcc2 34. Ng4 exf4 35. d6 Rc3 36. Nf2 Rf3 37. Rb8+ Kg7 38. Rg1+ Kf6 39. Ne4+ Ke5 40. Nxd2 Rxh3+ 41. Kg2 Rg3+ 42. Kf2 Rd3 43. Nf3+ Kxd6 44. Rd8+ 1-0


[Site "https://www.chess.com"]

[Event "Titled Tuesday Blitz May 18 2021"]
[White "ViditYT"]
[Black "Murzin, Volodar"]
[BlackFideId "44155573"]
[WhiteElo "2928"]
[BlackElo "2541"]
[Result "1-0"]
[Round "11"]
[TimeControl "180+1"]
[Date "2021.05.18"]
[WhiteClock "0:00:25"]
[BlackClock "0:00:03"]

1. b3 e5 2. Bb2 Nc6 3. e3 g6 4. c4 Bg7 5. Nf3 Nge7 6. d4 exd4 7. Nxd4 O-O 8. Be2 Qe8 9. Qd2 Nxd4 10. Bxd4 Bxd4 11. Qxd4 Nc6 12. Qd2 d6 13. Nc3 Qe5 14. O-O Be6 15. Rac1 Rfe8 16. Bf3 Rad8 17. Nd5 Rd7 18. Rfd1 Qg7 19. Be2 Ne5 20. Qa5 c6 21. Nc7 Red8 22. Nxe6 fxe6 23. Qxa7 d5 24. Qb6 Qe7 25. cxd5 exd5 26. b4 Nc4 27. Qd4 b5 28. a4 Qxb4 29. axb5 cxb5 30. Rb1 Qa5 31. Bg4 Rd6 32. Qc5 b4 33. Qxa5 Nxa5 34. Rxb4 Nc6 35. Rb6 d4 36. Bf3 dxe3 37. Rxd6 Rxd6 38. fxe3 1-0


[Site "https://www.chess.com"]

[Event "Titled Tuesday Blitz May 18 2021"]
[White "Vysochin, Spartak"]
[Black "Khanin, Semen"]
[WhiteFideId "14103516"]
[BlackFideId "4111990"]
[WhiteElo "2388"]
[BlackElo "2521"]
[Result "0-1"]
[Round "11"]
[TimeControl "180+1"]
[Date "2021.05.18"]
[WhiteClock "0:00:14"]
[BlackClock "0:00:58"]

1. e4 g6 2. d4 Bg7 3. Nc3 d6 4. Be3 a6 5. g4 b5 6. h4 Bb7 7. Bg2 h5 8. gxh5 Rxh5 9. Nge2 Nf6 10. Ng3 Rh8 11. h5 b4 12. Nd5 Bxd5 13. exd5 Nbd7 14. hxg6 Rxh1+ 15. Bxh1 fxg6 16. Qd3 Kf7 17. Be4 Nxe4 18. Nxe4 Nf8 19. Ng5+ Kg8 20. Ne6 Nxe6 21. dxe6 Qf8 22. Qxg6 Qf3 23. Kd2 Qf6 24. Qxf6 Bxf6 25. Rg1+ Kh7 26. Kd3 Rb8 27. Bg5 Kg6 28. Bd2+ Kf5 29. Re1 d5 30. c3 bxc3 31. bxc3 Rb2 32. a4 Ra2 33. Rb1 Rxa4 34. Rb7 Rc4 35. Ra7 Rc6 36. Bc1 Kxe6 37. Ba3 Bg5 38. Bc5 Bf4 39. c4 Bd6 40. Bxd6 exd6 41. cxd5+ Kxd5 42. Ra8 Rc4 43. Rxa6 Rxd4+ 44. Ke3 c5 45. f4 Rb4 46. Kf3 c4 47. Ra8 c3 48. Rc8 Rc4 49. Rxc4 Kxc4 50. Ke3 Kb3 51. f5 c2 0-1


[Site "https://www.chess.com"]